 Dungeon Crawl Stone Soup version 0.27.1-4-g1640c2035a (webtiles) character file.

Game seed: 10687573959026682249

539 gabeu the Poker (level 7, -1/57 (58) HPs)
             Began as a Minotaur Gladiator on Nov 3, 2021.
             Slain by a wight (14 damage)
             ... on level 5 of the Dungeon.
             The game lasted 00:08:41 (3267 turns).

gabeu the Poker (Minotaur Gladiator)                Turns: 3267, Time: 00:08:42

HP:   -1/57 (58)    AC:  4    Str: 19    XL:     7   Next: 5%
MP:   6/6           EV: 13    Int: 11    God:
Gold: 97            SH:  0    Dex: 13    Spells: 6/6 levels left

rFire    . . .     SeeInvis .   a - +0 trident
rCold    . . .     Faith    .   (no shield)
rNeg     . . .     Spirit   .   b - +1 leather armour
rPois    .         Reflect  .   c - +0 hat
rElec    .         Harm     .   (no cloak)
rCorr    .         Rampage  .   (no gloves)
Will     .....                  (no boots)
Stlth    +.........             (no amulet)
HPRegen  0.19/turn              f - +6 ring of intelligence
MPRegen  0.10/turn              (no ring)

@: lightly drained
A: horns 2, retaliatory headbutt
a: no special abilities


You were on level 5 of the Dungeon.
You visited 1 branch of the dungeon, and saw 5 of its levels.

You collected 97 gold pieces.

Inventory:

Hand Weapons
 a - a +0 trident (weapon)
Missiles
 d - a throwing net (quivered)
Armour
 b - a +1 leather armour (worn)
 c - a +0 hat (worn)
Jewellery
 f - a +6 ring of intelligence (left hand)
Scrolls
 g - a scroll of amnesia
Potions
 h - a potion of degeneration
 i - a potion of attraction


   Skills:
 + Level 3.9 Fighting
 + Level 6.8 Polearms
 + Level 2.2 Throwing
 + Level 3.0 Armour
 + Level 5.2 Dodging
 + Level 1.2 Stealth


You had 6 spell levels left.
You didn't know any spells.
Your spell library contained the following spells:

 Spells                   Type           Power      Damage    Failure   Level
 Summon Small Mammal      Summ           0%         N/A       38%         1
 Call Canine Familiar     Summ           0%         N/A       77%         3
 Summon Guardian Golem    Hex/Summ       0%         N/A       77%         3


Dungeon Overview and Level Annotations

Branches:
Dungeon (5/15)
 Temple: D:4-7

Altars:


Innate Abilities, Weirdness & Mutations

You have a pair of horns on your head.
You reflexively headbutt those who attack you in melee.


Message History

The hound is heavily wounded.
The hound bites you but does no damage.
You hit the hound. You headbutt the hound.
The hound is almost dead.
The hound barely misses you. You furiously retaliate!
You headbutt the hound!
You kill the hound!
The wight hits you from afar with a +0 halberd!
Your life force feels restored.
You hit the centaur skeleton.
The centaur skeleton is lightly damaged.
The centaur skeleton hits you but does no damage.
The centaur skeleton kicks you but does no damage.
The wight closely misses you.
You hit the centaur skeleton. You headbutt the centaur skeleton!
The centaur skeleton is heavily damaged.
The centaur skeleton misses you.
The centaur skeleton kicks you but does no damage.
The wight hits you from afar with a +0 halberd!
You hit the centaur skeleton but do no damage.
You headbutt the centaur skeleton!
The centaur skeleton is almost destroyed.
The centaur skeleton closely misses you.
The centaur skeleton barely misses you. The wight completely misses you.
The centaur skeleton hits you but does no damage.
The centaur skeleton kicks you but does no damage.
You hit the centaur skeleton.
The centaur skeleton is almost destroyed.
The centaur skeleton misses you. The centaur skeleton kicks you.
The wight barely misses you.
You puncture the centaur skeleton!
You destroy the centaur skeleton!
The wight hits you from afar with a +0 halberd!
* * * LOW HITPOINT WARNING * * *
You feel drained.
* * * LOW HITPOINT WARNING * * *
Your Armour skill increases to level 3!
You have reached level 7!
The wight barely misses you.
The wight hits you from afar with a +0 halberd!
You die...

##...............#..
....................
.........#.#.#....#
..................##.
.........#)#.#.......
..........).........
...(..##z#.#.#...... .
...... #.......###....
..... ##.@##.<.##....
.......##..<##........
.................#....
#................# ...
..............#
.................
......####........
...... #.........
..... ..........


You could see a wight.

Vanquished Creatures
  A scorpion (D:4)
  A water moccasin skeleton (D:5)
  2 wights (D:5)
  A centaur skeleton (D:5)
  3 hounds
  A jelly (D:4)
  An orc wizard (D:4)
  A hound skeleton (D:4)
  Robin (D:2)
  4 adders
  An adder skeleton (D:4)
  A worm (D:2)
  4 dart slugs
  3 orcs (D:4)
  3 bats
  6 endoplasms
  4 giant cockroaches
  11 goblins
  9 hobgoblins
  11 jackals
  8 kobolds
  8 quokkas
  11 ball pythons
  3 frilled lizards
  3 rats
102 creatures vanquished.

Notes
Turn   | Place    | Note
-------+----------+-------------------------------------------
     0 | D:1      | gabeu the Minotaur Gladiator began the quest for the Orb.
     0 | D:1      | Reached XP level 1. HP: 18/18 MP: 0/0
    63 | D:1      | Reached skill level 4 in Polearms
    63 | D:1      | Reached XP level 2. HP: 25/25 MP: 1/1
   223 | D:1      | Reached XP level 3. HP: 30/30 MP: 2/2
   332 | D:1      | Found a faded altar of an unknown god.
   910 | D:2      | Noticed Robin
   915 | D:2      | Reached XP level 4. HP: 34/38 MP: 3/3
   917 | D:2      | Killed Robin
  1075 | D:2      | Reached skill level 1 in Armour
  1823 | D:4      | Reached XP level 5. HP: 16/45 MP: 4/4
  2070 | D:4      | Reached skill level 5 in Polearms
  2334 | D:4      | Found a glowing drain.
  2429 | D:4      | Reached XP level 6. HP: 28/51 MP: 5/5
  2630 | D:4      | Reached skill level 5 in Dodging
  2630 | D:4      | Reached skill level 1 in Stealth
  2850 | D:5      | Entered Level 5 of the Dungeon
  2859 | D:5      | Reached skill level 6 in Polearms
  3265 | D:5      | Reached XP level 7. HP: 13/57 MP: 6/6
  3267 | D:5      | Slain by a wight

Illustrated notes

Levels and vault maps discovered:
D:1:      lightli_arrival_chessboard, layout_rooms,
          chequers_ecumenical_altar_simple_redux
D:2:      layout_basic, uniq_robin
D:3:      layout_rooms, nicolae_dithmenos_shadow_blocks,
          kennysheep_generic_room_5
D:4:      layout_loops_ring, portal_sewer_entry_f
D:5:      layout_cave_pools, fiery_altar_vehumet, kiku_gazebo_garden_becter,
          fedhas_altar_1, serial_glass, glass_columns_b, glass_columns_a,
          glass_columns_c, glass_columns_a, minmay_strange_pillars,
          item_on_display_a, due_unseen_surprise, uniq_grinder, uniq_duvessa

Skill      XL: |  1  2  3  4  5  6 |
---------------+-------------------+-----
Polearms       | 4 5 6 |  6.8
Dodging        | 4 5 |  5.2
Fighting       | 3 |  3.9
Armour         | 2 3 |  3.0
Stealth        | 1 |  1.2
Throwing       | |  2.2

Action                   |  1- 3 |  4- 6 |  7- 9 || total
-------------------------+-------+-------+-------++-------
Melee: Trident           |    75 |   160 |       ||   235
       Headbutt          |     7 |    29 |       ||    36
Throw: Throwing net      |     3 |       |       ||     3
  Use: Scroll            |     4 |     2 |       ||     6
 Stab: Held in net/web   |     1 |       |       ||     1
       Sleeping          |       |     3 |       ||     3
       Distracted        |       |     1 |       ||     1
Armor: Leather armour    |    12 |    38 |       ||    50
Dodge: Dodged            |    48 |   129 |     1 ||   178
